 Dungeon Crawl Stone Soup version 0.13.1-19-g4b9377e (webtiles) character file.

2262 Nakatomy the Spear-Bearer (level 9, -1/68 (72) HPs)
             Began as a Minotaur Fighter on Dec 23, 2013.
             Slain by a steam dragon (5 damage)
             ... on Level 6 of the Dungeon.
             The game lasted 00:57:10 (6615 turns).

Nakatomy the Spear-Bearer (Minotaur Fighter)        Turns: 6615, Time: 00:57:10

HP  -1/68 (72)   AC 10     Str 24      XL: 9   Next:  5%
MP   3/3         EV  7     Int  5      God:
Gold 195         SH 19     Dex  9 (10) Spells:  0 memorised,  8 levels left

Res.Fire  : . . .   See Invis. : .   a - +1,-1 trident
Res.Cold  : . . .   Warding    : .   b - +0 scale mail
Life Prot.: . . .   Conserve   : .   c - +0 shield
Res.Poison: .       Res.Corr.  : .   (helmet restricted)
Res.Elec. : .       Clarity    : .   (no cloak)
Sust.Abil.: . .     Spirit.Shd : .   e - +0 pair of orc gauntlets
Res.Mut.  : +       Stasis     : .   (no boots)
Res.Rott. : .       Flight     : .   m - amulet of resist mutation
Saprovore : . . .                    (no ring)
                                     (no ring)

@: invisible, very slightly contaminated, slightly resistant to hostile
enchantments, extremely unstealthy
A: retaliatory headbutt, horns 2
a: no special abilities


You were on level 6 of the Dungeon.
You were not hungry.

You visited 2 branches of the dungeon, and saw 8 of its levels.

You collected 175 gold pieces.

Inventory:

Hand weapons
 a - a +1,-1 trident (weapon)
Armour
 b - a +0 scale mail (worn)
 c - a +0 shield (worn)
 e - a +0 pair of orcish gauntlets (worn)
Magical devices
 u - a wand of disintegration (13) (quivered) {unknown}
 x - a wand of invisibility (3)
Comestibles
 d - 2 bread rations
 i - 2 chokos
 p - a pear
 t - 5 meat rations
 z - a sausage
 E - a rotting chunk of orc flesh
 G - a chunk of rat flesh
Scrolls
 f - 4 scrolls of fog {unknown}
 g - 2 scrolls of noise
 h - 2 scrolls of random uselessness {unknown}
 k - a scroll of curse jewellery {unknown}
 o - 7 scrolls of identify
 v - 3 scrolls of enchant weapon II
 y - a scroll of acquirement {unknown}
 A - a scroll of recharging {unknown}
 B - 3 scrolls of amnesia {unknown}
Jewellery
 l - an uncursed amulet of inaccuracy {unknown}
 m - an amulet of resist mutation (around neck)
 n - an uncursed ring of magical power {unknown}
 q - a cursed amulet of rage {unknown}
Potions
 j - 3 potions of curing {unknown}
 r - 2 potions of mutation {unknown}
 s - a potion of paralysis {unknown}
 C - a potion of magic {unknown}
 D - 2 potions of heal wounds {unknown}
Books
 w - a book of the Earth

   Spells                             Type                      Level
   Dig                                Earth                        4
   Leda's Liquefaction                Hexes/Earth                  4
   Bolt of Magma                      Conjuration/Fire/Earth       5
   Statue Form                        Transmutation/Earth          6
   Iron Shot                          Conjuration/Earth            6
   Shatter                            Earth                        9


   Skills:
 - Level 3.8 Fighting
 - Level 11.1 Polearms
 + Level 9.5 Armour
 - Level 4.0 Shields


You had 8 spell levels left.
You didn't know any spells.

Dungeon Overview and Level Annotations

Branches:
Dungeon (7/27)             Temple (1/1) D:5
    Orc: D:6-11

Altars:
Ashenzari
Cheibriados
Elyvilon
Fedhas
Kikubaaqudgha
Makhleb
Nemelex Xobeh
Sif Muna
Trog
Vehumet
Xom
Yredelemnul
Zin
the Shining One
Jiyva

Portals:
Ziggurat: D:7 (9120 gp)


Innate Abilities, Weirdness & Mutations

You reflexively headbutt those who attack you in melee.
You have a pair of horns on your head.


Message History

You hit the steam dragon.
The steam dragon is severely wounded.
You are engulfed in a cloud of scalding steam.
You are engulfed in a cloud of scalding steam.
You block the steam dragon's attack.
The steam dragon claws you but does no damage.
You climb upwards.
There is a stone staircase leading down here.
You can't go up here!
Your shield prevents you from hitting the steam dragon.
The steam dragon is severely wounded.
The steam dragon bites you!
* * * LOW HITPOINT WARNING * * *
You block the steam dragon's attack.
Zapping:
x - a wand of invisibility {zapped: 1}
Press: ? - help, Shift-Dir - straight line, f - you You fade into invisibility!
You are very lightly contaminated with residual magic.
You block the steam dragon's attack. The steam dragon claws you.
You die...

#.......#
#.......#
#.....[.#
#.......#
#.......#
#.......#
#.......#
#.......#
#......@#
#......D#
#.......#
#.......#
#.......#
#.......#
#.......#
#.......#
#.......#


You could see a steam dragon.

Vanquished Creatures
  Eustachio (D:4)
  A necrophage (D:4)
  An ice beast (D:5)
  A sky beast (D:5)
  A black bear (D:5)
  A phantom (D:6)
  3 ogres
  A centaur (D:6)
  Sigmund (D:4)
  A giant frog (D:6)
  A jelly (D:5)
  4 crimson imps (D:5)
  3 hounds
  3 orc priests
  6 worker ants
  An iron imp (D:4)
  2 orc wizards
  Terence (D:2)
  4 gnolls (D:3)
  A lemure (D:4)
  An inept feature mimic (Temple)
  A giant mite (D:4)
  2 shadow imps
  7 adders
  2 white imps (D:4)
  A worm (D:3)
  A grey rat (D:4)
  A giant gecko (D:3)
  3 oozes (D:5)
  25 orcs
  14 bats
  A bat skeleton (D:5)
  16 hobgoblins
  8 jackals
  7 kobolds
  3 quokkas
  4 giant cockroaches
  3 giant newts
  A giant spore (D:6)
  11 goblins
  9 rats
  A rat skeleton (D:5)
  3 ballistomycetes (D:6)
163 creatures vanquished.

Notes
Turn   | Place    | Note
--------------------------------------------------------------
     0 | D:1      | Nakatomy, the Minotaur Fighter, began the quest for the Orb.
     0 | D:1      | Reached XP level 1. HP: 19/19 MP: 0/0
     0 | D:1      | Nakatomy: Dann wollen wir mal sterben gehen
     3 | D:1      | Noticed a shark
     3 | D:1      | Noticed a giant goldfish
   147 | D:1      | Reached skill level 4 in Armour
   168 | D:1      | Reached XP level 2. HP: 26/26 MP: 0/0
   821 | D:2      | Reached XP level 3. HP: 29/33 MP: 1/1
   913 | D:3      | Noticed an ogre
  1269 | D:2      | Noticed Terence
  1295 | D:2      | Killed Terence
  1295 | D:2      | Reached XP level 4. HP: 33/39 MP: 1/1
  1344 | D:2      | Nakatomy: gab es nicht eine taste mit der man direkt chatten konnte?
  1344 | D:2      | Nakatomy: Und mir fällt auf, dass ich fast alles vergessen habe ^^
  1359 | D:2      | eXcel: uh du hast angefangen
  1359 | D:2      | eXcel: gar nicht gemerkt
  1368 | D:2      | eXcel: aber jo ging mir auch so als ich neulich mal wieder gespielt hab
  1368 | D:2      | Nakatomy: erster gegenstand: verfluchte handschuhe!
  1584 | D:3      | Reached skill level 5 in Polearms
  1784 | D:5      | Entered Level 5 of the Dungeon
  1805 | D:4      | eXcel: gz!
  1806 | D:4      | Noticed Eustachio
  1808 | D:4      | eXcel: bash ihn hart!
  1809 | D:4      | Nakatomy: hmm
  1809 | D:4      | Nakatomy: der zerlegt mich doch
  1809 | D:4      | eXcel: glaub der konnte nicht wirklich was
  1809 | D:4      | eXcel: ausser seine viecher summonen
  1809 | D:4      | Nakatomy: ich brauche eine gute position
  1809 | D:4      | eXcel: jo
  1809 | D:4      | eXcel: line of sight verlassen
  1873 | D:4      | Nakatomy: ich sage doch der killt mich
  1873 | D:4      | Nakatomy: xD
  1876 | D:4      | eXcel: naja du hättest ihn einfach vorher killen müssen!
  1882 | D:4      | eXcel: protip vom eXcel!
  1887 | D:5      | Nakatomy: hm ich lege mir mal eine datei mit pro tips an
  1887 | D:5      | eXcel: das wäre mein nächster protip gewesen
  1887 | D:5      | Nakatomy: 1. Töte ein tödliches Monster bevor es dich tötet
  2122 | D:5      | Found a staircase to the Ecumenical Temple.
  2141 | D:5      | eXcel: uh
  2159 | D:5      | eXcel: willst du nicht runter und dir nen krassen gott abchecken?
  2160 | D:5      | Nakatomy: jo aber von der anderen seite
  2161 | D:5      | eXcel: ach da ist zu..
  2162 | D:5      | eXcel: ok
  2195 | Temple   | Entered the Ecumenical Temple
  2235 | Temple   | Nakatomy: suckt ...
  2235 | Temple   | Nakatomy: war ja mal wieder klar das mein gott fehlt
  2235 | Temple   | eXcel: welchen wolltest du?
  2235 | Temple   | eXcel: oka?
  2235 | Temple   | Nakatomy: oka jo
  2253 | D:5      | Reached XP level 5. HP: 40/46 MP: 1/1
  2328 | D:5      | Noticed a sky beast
  2338 | D:5      | eXcel: hm wusstest du dass sie nausea von verrottetem essen entfernt haben?
  2339 | D:5      | Killed a sky beast
  2339 | D:5      | Reached skill level 6 in Polearms
  2341 | D:5      | eXcel: also kannst jetzt essen was du willst, verrottet gibts nur kein +food mehr
  2341 | D:5      | Nakatomy: nö
  2341 | D:5      | Nakatomy: es bringt also einfach gar nichts?
  2365 | D:5      | eXcel: so hab ichs verstanden
  2365 | D:5      | Nakatomy: konnte man nicht auch mit dem trident auf 2 felder entferung angreifen??
  2370 | D:5      | Found a viscous altar of Jiyva.
  2479 | D:5      | eXcel: The nausea status effect from eating contaminated chunks has been removed; contaminated chunks now give less nutrition for characters that can't handle them.
  2483 | D:5      | eXcel: und ja, kann man
  2493 | D:5      | Noticed an ice beast
  2500 | D:5      | eXcel: per apply glaub ich
  2507 | D:5      | Killed an ice beast
  2507 | D:5      | Reached skill level 7 in Polearms
  2507 | D:5      | Reached XP level 6. HP: 52/52 MP: 2/2
  2528 | D:6      | Noticed a giant frog
  2561 | D:5      | Found a shimmering altar of Xom.
  2585 | D:5      | Nakatomy: da frage ich mich warum sie das entfernt haben
  2597 | D:5      | Noticed a black bear
  2658 | D:4      | eXcel: haben sie nicht, ich find zumindest nix in den patchnotes
  2658 | D:4      | Nakatomy: ich meine nausea
  2707 | D:4      | eXcel: achso
  2735 | D:5      | Killed a black bear
  2735 | D:5      | Reached skill level 8 in Polearms
  2900 | D:5      | Reached XP level 7. HP: 23/59 MP: 2/2
  3024 | D:5      | Reached skill level 9 in Polearms
  3047 | D:6      | Noticed an ogre
  3207 | D:5      | Nakatomy: total einfach mit der nahrung wenn man das einfach essen kann Oo
  3236 | D:5      | eXcel: ah ok ich hatte rotten und contaminated verwechselt
  3236 | D:5      | eXcel: rotten ist wohl nachwievor nicht so gut
  3236 | D:5      | Nakatomy: ich sehe es nicht, welche taste zeigt mir die letzten aktionen nochmal?
  3236 | D:5      | eXcel: hm
  3236 | D:5      | eXcel: ctrl+p?
  3236 | D:5      | Nakatomy: not bad
  3411 | D:5      | Reached skill level 10 in Polearms
  3728 | D:4      | Noticed Sigmund
  3729 | D:4      | Nakatomy: uhhh
  3729 | D:4      | eXcel: hf!
  3729 | D:4      | eXcel: naja gut mit deinem level dürfte der nicht mehr so der hammer sein
  3729 | D:4      | Nakatomy: mal sehen wo ich schnell wegrennen darf
  3729 | D:4      | Nakatomy: dann muss er wohl sterben
  3729 | D:4      | Nakatomy: oder ich -.-
  3729 | D:4      | eXcel: du bist level7 mit 545 hp
  3729 | D:4      | eXcel: mach ihn platt!
  3757 | D:4      | Killed Sigmund
  3757 | D:4      | Reached XP level 8. HP: 23/62 MP: 2/2
  3758 | D:4      | eXcel: gz
  3758 | D:4      | eXcel: hart gebash0rt
  3758 | D:4      | Nakatomy: wie ich ihn hasse
  4092 | D:3      | Killed an ogre
  4092 | D:3      | Reached skill level 11 in Polearms
  4298 | D:3      | Reached skill level 5 in Armour
  4576 | D:3      | eXcel: eustachio lebt noch?
  4581 | D:3      | Nakatomy: hmmm
  4581 | D:3      | Nakatomy: dachte ich hätte ihn gekillt
  4595 | D:3      | eXcel: wegen der level annotation grad
  4598 | D:3      | Nakatomy: ja ich war auch verwundert
  4598 | D:3      | Nakatomy: naja gleich mal töten
  4599 | D:3      | eXcel: jo
  4810 | D:3      | Nakatomy: vielleicht finde ich ja mal den altar
  5198 | D:4      | Nakatomy: protip: shice stehen ist shice
  5205 | D:4      | eXcel: irgendwie schon
  5210 | D:4      | eXcel: dein trident suckt auch
  5210 | D:4      | eXcel: mit -2
  5210 | D:4      | Nakatomy: im nächsten try werde ich es wohl besser machen müssen
  5212 | D:4      | eXcel: ich würd jetzt einfach alle scrolls lesen oder potions saufen
  5216 | D:4      | HP: 3/62 [ufetubus[Eustachio] (1)]
  5223 | D:4      | HP: 3/62 [shadow imp[Eustachio] (2)]
  5229 | D:5      | eXcel: gz
  5229 | D:5      | Nakatomy: protip: in gefahr erstmal in ruhe studieren!
  5521 | D:4      | eXcel: iss was
  5568 | D:4      | Killed Eustachio
  5575 | D:4      | eXcel: gz!
  5713 | D:6      | Killed an ogre
  5754 | D:6      | Noticed an ogre
  5763 | D:6      | Killed an ogre
  5797 | D:7      | Found an ancient bone altar of Kikubaaqudgha.
  6168 | D:6      | Killed a giant frog
  6422 | D:6      | Noticed a phantom
  6439 | D:6      | Killed a phantom
  6439 | D:6      | Reached XP level 9. HP: 63/68 MP: 3/3
  6446 | D:6      | Noticed a centaur
  6457 | D:6      | Killed a centaur
  6570 | D:7      | Found a gateway to a ziggurat.
  6576 | D:6      | eXcel: zigg spaß!
  6576 | D:6      | Nakatomy: gut wenn man in d:7 einen zigg eingang findet ..
  6576 | D:6      | Nakatomy: aber keinen altar -.-
  6615 | D:6      | Nakatomy: :-(
  6615 | D:6      | eXcel: panik?
  6615 | D:6      | Nakatomy: ich hatte den schwächer in erinnerung xD
  6615 | D:6      | Slain by a steam dragon

Action                   |  1- 3 |  4- 6 |  7- 9 || total
-------------------------+-------+-------+-------++-------
Melee: Trident           |    87 |   170 |   397 ||   654
Evoke: Wand              |       |       |     1 ||     1
  Use: Scroll            |       |       |     5 ||     5
